 Dungeon Crawl Stone Soup version 0.32-a0-422-g28b100f (webtiles) character file.

Game seed: 3787901427760924927

1864 GeorgeSoros the Trooper (level 9, 0/69 HPs)
             Began as a Coglin Warper on Feb 21, 2024.
             Was a Follower of Cheibriados.
             Slain by a steam dragon (10 damage)
             ... on level 6 of the Dungeon.
             The game lasted 00:23:46 (4927 turns).

GeorgeSoros the Trooper (Coglin Warper)             Turns: 4927, Time: 00:23:48

Health: 0/69       AC:  5    Str: 19    XL:     9   Next: 13%
Magic:  11/11      EV: 18    Int: 15    God:    Cheibriados [*.....]
Gold:   240        SH:  0    Dex: 17    Spells: 9/11 levels left

rFire   . . .        a - +0 falchion {Feng}
rCold   . . .        m - +1 spear (elec) {Somchit}
rNeg    . . .        s - +0 troll leather armour {Pargi}
rPois   .            (no helmet)
rElec   .            A - +1 cloak
rCorr   .            (no gloves)
SInv    .            (no boots)
Will    .....        j - amulet of regeneration
Stlth   +            h - +5 ring of evasion
HPRegen 1.91/turn    (no ring)
MPRegen 0.12/turn

%: no passive effects
@: immotile, revved, very slow
A: off-hand wielding, slow wielding, warmup strikes, legs shutdown
a: Renounce Religion, Bend Time


You were on level 6 of the Dungeon.
You worshipped Cheibriados.
Cheibriados was aware of your devotion.
You visited 1 branch of the dungeon, and saw 6 of its levels.
You also visited: Sewer.

You collected 240 gold pieces.

Inventory:

Hand Weapons
 a - a +0 falchion (weapon) {Feng}
 m - a +1 spear of electrocution (offhand) {Somchit}
Missiles
 d - 7 darts of dispersal (quivered)
 g - 11 poisoned darts
 k - 2 curare-tipped darts
 n - 5 atropa-tipped darts
Armour
 b - a +1 leather armour
 s - a +0 troll leather armour (worn) {Pargi}
 A - a +1 cloak (worn)
Jewellery
 h - a +5 ring of evasion (left grasper)
 j - an amulet of regeneration (around neck)
 B - a ring of magical power
Wands
 p - a wand of mindburst (10)
 r - a wand of roots (14)
Scrolls
 c - 2 scrolls of blinking
 l - a scroll of fog
 o - 5 scrolls of teleportation
 y - a scroll of torment
 z - 4 scrolls of revelation
Potions
 e - 3 potions of curing
 f - a potion of might
 i - a potion of resistance
 q - 3 potions of mutation
 t - a potion of berserk rage
 u - a potion of brilliance
 v - 3 potions of heal wounds
 w - a potion of cancellation
 x - a potion of enlightenment {unknown}


   Skills:
 + Level 6.0 Fighting
 + Level 6.0 Long Blades
 - Level 0.8 Throwing
 - Level 4.0 Armour
 + Level 3.7 Dodging
 - Level 1.7 Spellcasting
 - Level 4.4 Translocations
 + Level 5.9 Evocations


You had 9 spell levels left.
You knew the following spells:

 Your Spells              Type           Power      Damage    Failure   Level
a - Blink                 Tloc           28%        N/A       6%          2

Your spell library contained the following spells:

 Spells                   Type           Power      Damage    Failure   Level
 Lesser Beckoning         Tloc           28%        N/A       6%          2
 Gell's Gravitas          Tloc           14%        N/A       13%         3
 Teleport Other           Tloc           14%        N/A       13%         3
 Sting                    Conj/Alch      4%         1d3       26%         1
 Mercury Vapours          Alch/Air       2%         N/A       36%         2
 Manifold Assault         Tloc           14%        N/A       38%         4
 Stone Arrow              Conj/Erth      2%         3d7       61%         3
 Vhi's Electric Charge    Tloc/Air       14%        N/A       71%         4
 Animate Armour           Summ/Erth      2%         N/A       95%         4
 Olgreb's Toxic Radiance  Alch           1%         N/A       95%         4
 Dispersal                Tloc           7%         N/A       100%        6
 Lehudib's Crystal Spear  Conj/Erth      0%         10d2      100%        8


Dungeon Overview and Level Annotations

Branches:
Dungeon (6/15)              Sewer (visited)
 Temple: D:4-7

Altars:
Cheibriados
Gozag
Nemelex Xobeh
Ru
Trog

Shops:
D:2 =[(   D:4 :


Innate Abilities, Weirdness & Mutations

You can wield a second weapon in your off-hand.
It takes a long time for you to wield or remove held weapons.
Your first few attacks do less damage.
Attacking and casting redirects power from your legs.


Message History

The orc wizard hits you with a +0 dagger.
The steam dragon closely misses you.
The steam dragon claws you but does no damage.
You hit the steam dragon but do no damage.
The steam dragon is lightly wounded.
You closely miss the steam dragon with your +1 spear of electrocution.
You are engulfed in a cloud of scalding steam.
The orc hits you with a +0 club. The orc wizard barely misses you.
The steam dragon bites you. The steam dragon misses you.
You hit the steam dragon with your +0 falchion.
The steam dragon is moderately wounded.
You closely miss the steam dragon with your +1 spear of electrocution.
You are engulfed in a cloud of scalding steam.
The orc warrior hits you with a +0 battleaxe!
The orc misses you. The orc wizard misses you.
The steam dragon barely misses you. x2
You barely miss the steam dragon with your +1 spear of electrocution.
The steam dragon is moderately wounded.
You hit the steam dragon with your +0 falchion.
You are engulfed in a cloud of scalding steam.
The orc warrior closely misses you. The orc hits you with a +0 club.
The orc wizard casts a spell.
The orc wizard flickers and vanishes!
Deactivating autopickup; reactivate with Ctrl-A.
The steam dragon completely misses you. The steam dragon closely misses you.
You hit the steam dragon but do no damage.
The steam dragon is moderately wounded.
You hit the steam dragon but do no damage.
Lightning courses through the steam dragon!
The orc warrior hits you with a +0 battleaxe!
* * * LOW HITPOINT WARNING * * *
The orc hits you with a +0 club.
* * * LOW HITPOINT WARNING * * *
You hear some strange, mumbled words.
A magic dart appears from out of thin air!
The magic dart hits you.
* * * LOW HITPOINT WARNING * * *
The steam dragon bites you!
You die...
Cheibriados appreciates the motionlessness of death.

....####...)..)) .......
#......). .##.....##
#..#..#)# .........##
#.....#.# #.........#
#.....#.# ..........###
#..####.# ............#
#..####.# ......{Do##.#
#.......#
.......@o##.####.#####..
####...#.........#####.<
###.####.####.##.....
#.####.# #.##.....
#....>.# #........
######## ##.....#.
#.#...## #.#...##
#.#.....


You could see a steam dragon, an orc warrior and an orc.

Vanquished Creatures
  2 water moccasins
  Pargi (Sewer)
  2 black bears (D:4)
  An ogre (D:5)
  A kobold brigand (D:6)
  2 brain worms (Sewer)
  A bullfrog (D:6)
  A scorpion (D:4)
  4 wights (D:6)
  4 bombardier beetles
  3 hounds
  A jelly (D:6)
  3 orc priests (D:6)
  2 iguanas
  3 sleepcaps
  2 orc wizards (D:6)
  6 adders
  2 river rats (D:3)
  A shadow imp (D:6)
  3 dart slugs
  2 ribbon worms (D:3)
  24 orcs
  3 bats
  6 endoplasms
  2 giant cockroaches
  5 goblins
  3 hobgoblins
  3 jackals (D:5)
  8 kobolds
  3 quokkas
  5 ball pythons
  8 frilled lizards (Sewer)
  3 rats
120 creatures vanquished.

Notes
Turn   | Place    | Note
-------+----------+-------------------------------------------
     0 | D:1      | GeorgeSoros the Coglin Warper began the quest for the Orb.
     0 | D:1      | Reached XP level 1. HP: 16/16 MP: 3/3
   116 | D:1      | Reached skill level 1 in Armour
   215 | D:1      | Reached XP level 2. HP: 20/22 MP: 4/4
   587 | D:1      | Reached XP level 3. HP: 24/28 MP: 5/5
   590 | D:1      | Learned a level 2 spell: Blink
  1089 | D:2      | Found Sacw's Antique Armour Emporium.
  1148 | D:2      | Found Zaecwarr's Jewellery Shop.
  1213 | D:2      | Reached XP level 4. HP: 30/34 MP: 6/6
  1273 | D:2      | Found Bunuhua's Weapon Shop.
  1673 | D:3      | Found a faded altar of an unknown god.
  1840 | D:3      | Found a glowing drain.
  1961 | Sewer    | Entered a sewer
  1978 | Sewer    | Noticed a brain worm
  1985 | Sewer    | Killed a brain worm
  1986 | Sewer    | Reached XP level 5. HP: 32/41 MP: 5/7
  2018 | Sewer    | Reached XP level 6. HP: 47/47 MP: 8/8
  2061 | Sewer    | Noticed Pargi
  2075 | Sewer    | Killed Pargi
  2866 | D:4      | Noticed a black bear
  2878 | D:4      | Killed a black bear
  2879 | D:4      | Reached skill level 1 in Evocations
  2879 | D:4      | Reached XP level 7. HP: 54/54 MP: 9/9
  3066 | D:4      | Found Cite's Book Shop.
  3198 | D:4      | Found an opulent altar of Gozag.
  3280 | D:4      | Reached XP level 8. HP: 50/61 MP: 10/10
  3701 | D:5      | Entered Level 5 of the Dungeon
  3761 | D:5      | Found a bloodstained altar of Trog.
  3865 | D:5      | Found a snail-covered altar of Cheibriados.
  3922 | D:5      | Became a worshipper of Cheibriados the Contemplative
  4077 | D:5      | Reached skill level 5 in Fighting
  4193 | D:5      | Reached skill level 5 in Long Blades
  4227 | D:5      | Found a sacrificial altar of Ru.
  4532 | D:6      | Reached * piety under Cheibriados
  4549 | D:6      | Found a sparkling altar of Nemelex Xobeh.
  4555 | D:6      | Reached skill level 5 in Evocations
  4698 | D:6      | Reached XP level 9. HP: 57/69 MP: 11/11
  4927 | D:6      | Slain by a steam dragon

Illustrated notes

Levels and vault maps discovered:
D:1:      evilmike_arrival_rings, layout_basic
D:2:      layout_loops_ring, serial_shops, shop, nicolae_shop_crystal,
          nicolae_shop_gaudy_bauble, minmay_misc_feat_chi,
          kennysheep_generic_room_4
D:3:      layout_loops_ring, cheibrodos_sewer_entry_sluice,
          ebering_ecumenical_altar_box, mrwooster_statue_mirror
D:4:      layout_cave_pods, nicolae_gozag_cash_rules_everything_around_me,
          serial_shops, nicolae_square_shop, chequers_garden
D:5:      layout_rooms, kennysheep_mini, mainiacjoe_overflow_small_starburst,
          nicolae_ru_the_path_less_chosen
D:6:      layout_loops_cross, mainiacjoe_overflow_cross_hatched

Skill      XL: |  1  2  3  4  5  6  7  8  9 |
---------------+----------------------------+-----
Armour         | 1 2 3 4 |  4.0
Fighting       | 3 4 5 6 |  6.0
Long Blades    | 3 4 5 6 |  6.0
Translocations | 4 |  4.4
Evocations     | 1 3 5 |  5.9
Dodging        | 3 |  3.7
Throwing       | |  0.8
Spellcasting   | |  1.7

Action                     |  1- 3 |  4- 6 |  7- 9 || total
---------------------------+-------+-------+-------++-------
  Melee: Falchion          |    77 |   103 |   220 ||   400
         Spear             |    10 |   108 |   230 ||   348
  Throw: Dart              |       |     2 |       ||     2
   Cast: Blink             |       |       |     1 ||     1
  Evoke: Wand              |       |     1 |     3 ||     4
    Use: Scroll            |     4 |     7 |     7 ||    18
         Potion            |       |       |     3 ||     3
   Stab: Sleeping          |       |       |     2 ||     2
 Armour: Leather armour    |    28 |    31 |       ||    59
         Troll leather arm |       |     6 |   136 ||   142
  Dodge: Dodged            |    47 |    93 |   226 ||   366

Table legend: (Time is in decaauts)
 A = Elapsed time spent in this place.
 B = Non-inter-level travel time spent in this place.
 C = Inter-level travel time spent in this place.
 D = Time resting spent in this place.
 E = Time spent auto-exploring this place.
 F = Levels seen in this place.
 G = Mean time per level.
                   A        B        C        D        E       F      G
               +--------+--------+--------+--------+--------+-----+--------+
         Total |   5256 |   4820 |    436 |    118 |   3303 |   7 |  750.9 |
       Dungeon |   4971 |   4535 |    436 |    103 |   3232 |   6 |  828.5 |
         Sewer |    285 |    285 |      0 |     15 |     71 |   1 |  285.0 |
               +--------+--------+--------+--------+--------+-----+--------+

Top non-repeatable levels by time:
     D:1: 995 daAuts
     D:3: 914 daAuts
     D:4: 885 daAuts
     D:5: 786 daAuts
     D:6: 699 daAuts
     D:2: 689 daAuts
   Sewer: 285 daAuts
